 Dungeon Crawl Stone Soup version 0.20.1-1-g8b1a95d (webtiles) character file.

362 letownia2 the Grave Robber (level 6, 25/49 HPs)
             Began as a Deep Dwarf Necromancer on Nov 15, 2017.
             Quit the game on level 5 of the Dungeon.
             The game lasted 00:08:35 (2415 turns).

letownia2 the Grave Robber (Deep Dwarf Necromancer) Turns: 2415, Time: 00:08:35

Health: 25/49      AC:  7    Str: 12    XL:     6   Next: 39%
Magic:  11/11      EV:  2    Int: 17    God:
Gold:   68         SH:  0    Dex: -24 (13)Spells: 7/11 levels left

rFire    . . .     SeeInvis .   w - +0 falchion
rCold    . . .     Gourm    .   (no shield)
rNeg     . . .     Faith    .   n - +0 ring mail
rPois    .         Spirit   .   A - +0 helmet (curse)
rElec    .         Reflect  .   g - +0 cloak
rCorr    +         Harm     .   (no gloves)
MR       .....                  (no boots)
Stlth    ..........             (no amulet)
Regen    0.0/turn               d - ring of resist corrosion
MPRegen  0.2/turn               (no ring)

@: starving, non-regenerating, slowed, lost dexterity, very slow
A: damage resistance, heal wounds, sense surroundings 1, no regeneration
a: Heal Wounds


You were on level 5 of the Dungeon.
You were starving.

You visited 1 branch of the dungeon, and saw 5 of its levels.

You collected 82 gold pieces.
You spent 14 gold pieces at shops.

Inventory:

Hand Weapons
 a - a +0 morningstar
 o - a +0 war axe
 q - a +0 shortbow
 w - a +0 falchion (weapon)
Missiles
 z - 37 arrows
Armour
 g - a +0 cloak (worn)
 n - a +0 ring mail (worn)
 A - a cursed +0 helmet (worn)
Jewellery
 d - a ring of resist corrosion (left hand)
Scrolls
 e - 2 scrolls of remove curse {unknown}
 f - 6 scrolls of identify {unknown}
 j - 2 scrolls of fear {unknown}
 k - a scroll of enchant weapon {unknown}
 l - 3 scrolls of teleportation {unknown}
 p - a scroll of amnesia {unknown}
 v - a scroll of enchant armour {unknown}
 y - a scroll of holy word {unknown}
Potions
 h - a potion of resistance {unknown}
 i - a potion of berserk rage {unknown}
 s - 2 potions of curing {unknown}
 t - a potion of haste {unknown}
 x - 2 potions of agility {unknown}
 B - a potion of magic {unknown}
Books
 b - a book of Necromancy

   Spells                             Type                      Level
   a - Pain                           Necromancy                   1
   b - Animate Skeleton               Necromancy                   1
   c - Vampiric Draining              Necromancy                   3
   d - Regeneration                   Charms/Necromancy            3
   e - Animate Dead                   Necromancy                   4
   f - Control Undead                 Necromancy                   4
Comestibles
 c - a bread ration
 m - 3 fruits
 r - 3 royal jellies
 u - a meat ration


   Skills:
 - Level 1.4 Armour
 - Level 2.1 Dodging
 - Level 2.4 Stealth
 + Level 3.3 Spellcasting
 - Level 7.3 Necromancy


You had 7 spell levels left.
You knew the following spells:

 Your Spells              Type           Power        Failure   Level  Hunger
a - Pain                  Necr           ####         1%          1    None
v - Vampiric Draining     Necr           ####......   5%          3    ###....


Dungeon Overview and Level Annotations

Branches:
Dungeon (5/15)
 Temple: D:4-7

Altars:

Shops:
D:5 }(}!


Innate Abilities, Weirdness & Mutations

You are resistant to damage.
You can heal yourself by infusing magical energy.
You passively map a small area around you.
You do not regenerate.


Message History

The quasit claws you but does no damage. x2
The quasit bites you. The quasit barely misses you.
The quasit claws you but does no damage.
You closely miss the quasit.
The quasit is heavily wounded.
The quasit bites you but does no damage.
The quasit claws you but does no damage. x2
The quasit bites you.
The quasit claws you but does no damage. x2
The quasit barely misses you.
The quasit claws you but does no damage.
The quasit barely misses you.
You miss the quasit.
The quasit is heavily wounded.
The quasit bites you but does no damage.
The quasit claws you but does no damage.
The quasit completely misses you. The quasit bites you.
The quasit claws you but does no damage. x2
Unknown command.
Are you sure you want to abandon this character and quit the game? (Confirm with "yes".)

##.##.# #(# .# #.#
.# #.# 5#* #.#,..
> #.# ## #. * .
#.# #.#### ,#. #5#
** .... ... #@#
..###.## #.#
#######.#.....
#.###.......#.##.#
#...#......#.....#
###.#.........##.#
#.###.....#.##.#
#.# #..........#
#.###.....####.#
#..............#


You could see a quasit.

Vanquished Creatures
  A centaur (D:5)
  A scorpion (D:5)
  A centaur zombie (D:4)
  An orc wizard (D:5)
  A hound (D:4)
  An iguana (D:3)
  3 worker ants
  2 adders
  A worm (D:5)
  3 leopard geckos
  7 orcs
  A giant cockroach (D:5)
  3 jackals (D:5)
  A ball python (D:3)
  3 bats
  2 frilled lizards (D:4)
  A goblin (D:3)
  A kobold (D:1)
  A quokka zombie (D:5)
35 creatures vanquished.

Notes
Turn   | Place    | Note
-------+----------+-------------------------------------------
     0 | D:1      | letownia2 the Deep Dwarf Necromancer began the quest for the Orb.
     0 | D:1      | Reached XP level 1. HP: 15/15 MP: 3/3
     6 | D:1      | Noticed a salamander
     6 | D:1      | Noticed a hound
     6 | D:1      | Noticed a black bear
     6 | D:1      | Noticed a redback
     6 | D:1      | Noticed an iguana
   552 | D:4      | Reached XP level 2. HP: 22/22 MP: 0/5
   625 | D:4      | Reached skill level 5 in Necromancy
   625 | D:4      | Reached XP level 3. HP: 28/28 MP: 2/6
   630 | D:4      | Learned a level 3 spell: Vampiric Draining
   869 | D:4      | Reached XP level 4. HP: 27/36 MP: 0/7
  1025 | D:4      | Reached skill level 1 in Armour
  1025 | D:4      | Reached skill level 6 in Necromancy
  1137 | D:4      | Noticed a phantom
  1231 | D:4      | Noticed a phantom
  1334 | D:4      | Reached XP level 5. HP: 33/42 MP: 1/8
  1389 | D:5      | Entered Level 5 of the Dungeon
  1425 | D:5      | Reached skill level 7 in Necromancy
  1649 | D:5      | Found Zeq Navodomo's Gadget Emporium.
  1673 | D:5      | Found Atheih's Gadget Emporium.
  1768 | D:5      | Found Unib's Antique Weapon Shop.
  1902 | D:5      | Reached XP level 6. HP: 27/49 MP: 0/9
  1999 | D:5      | Found Veuggaug's Distillery.
  2002 | D:5      | Bought a potion of degeneration for 14 gold pieces
  2380 | D:5      | Lost dexterity.
  2415 | D:5      | Quit the game

Skill      XL: |  1  2  3  4  5  6 |
---------------+-------------------+-----
Spellcasting   | 2 3 |  3.3
Necromancy     | 5 6 7 |  7.3
Armour         | 1 |  1.4
Dodging        | |  2.1
Stealth        | |  2.4

Action                   |  1- 3 |  4- 6 || total
-------------------------+-------+-------++-------
Melee: Unarmed           |    11 |       ||    11
       Morningstar       |       |    62 ||    62
       Falchion          |       |    41 ||    41
 Fire: Shortbow          |       |    14 ||    14
 Cast: Pain              |    29 |    24 ||    53
       Vampiric Draining |     3 |    18 ||    21
  Eat: Chunk             |     1 |     5 ||     6
Armor: Robe              |    10 |       ||    10
       Ring mail         |     2 |   283 ||   285
Dodge: Dodged            |    32 |   202 ||   234
       Rpst.: Falchion   |       |     6 ||     6
